 Dungeon Crawl Stone Soup version 0.29-a0-352-g0917bc69df (webtiles) character file.

Game seed: 10190631409006327576

105 spaghetti the Caller (level 4, 0/39 HPs)
             Began as an Ogre Summoner on Apr 23, 2022.
             Killed from afar by Sigmund (8 damage)
             ... with a magic dart
             ... on level 2 of the Dungeon.
             The game lasted 00:04:38 (2397 turns).

spaghetti the Caller (Ogre Summoner)                Turns: 2397, Time: 00:04:38

Health: 0/39       AC:  4    Str: 12    XL:     4   Next: 83%
Magic:  2/7        EV: 13    Int: 18    God:
Gold:   153        SH:  0    Dex:  9    Spells: 6/7 levels left

rFire   . . .      SeeInvis .   h - +4 short sword {short}
rCold   . . .      Faith    .   (no shield)
rNeg    + . .      Spirit   .   o - +1 robe {rN+}
rPois   .          Reflect  .   (helmet restricted)
rElec   .          Harm     .   (no cloak)
rCorr   .          Rampage  .   (gloves unavailable)
Will    .....                   (boots unavailable)
Stlth   +.........              (no amulet)
HPRegen 0.13/turn               d - +4 ring of evasion
MPRegen 0.10/turn               (no ring)

@: flying
A: large, unfitting armour, tough skin 1
a: no special abilities


You were on level 2 of the Dungeon.
You visited 1 branch of the dungeon, and saw 2 of its levels.

You collected 153 gold pieces.


Innate Abilities, Weirdness & Mutations

You are too large for most types of armour.
You have tough skin. (AC +1)


   Skills:
 - Level 1.7 Dodging
 - Level 1.4 Stealth
 - Level 2.4 Spellcasting
 + Level 5.5 Summonings


You had 6 spell levels left.
You knew the following spells:

 Your Spells              Type           Power      Damage    Failure   Level
a - Summon Small Mammal   Summ           88%        N/A       1%          1

Your spell library contained the following spells:

 Spells                   Type           Power      Damage    Failure   Level
 Call Imp                 Summ           22%        N/A       2%          2
 Call Canine Familiar     Summ           22%        N/A       5%          3
 Summon Guardian Golem    Hex/Summ       12%        N/A       17%         3
 Summon Lightning Spire   Summ/Air       12%        N/A       50%         4

Inventory:

Hand Weapons
 c - a +0 club {mace}
   (You took it off a kobold on level 1 of the Dungeon)
 h - a +4 short sword (weapon) {short}
   (You took it off a kobold on level 1 of the Dungeon)
 j - a +0 dagger of freezing {short}
   (You took it off a goblin on level 1 of the Dungeon)
 m - a +2 hand axe of flaming {axe}
   (You found it on level 1 of the Dungeon)
 q - a +2 dagger of holy wrath {short}
   (You took it off a kobold on level 2 of the Dungeon)
Missiles
 g - 55 stones {throwing}
 k - 6 boomerangs {throwing}
 n - 2 poisoned darts {throwing}
Armour
 a - a +0 robe
 i - a +0 helmet
   (You found it on level 1 of the Dungeon)
 o - a +1 robe of positive energy (worn)
   (You found it on level 2 of the Dungeon)
Jewellery
 d - a +4 ring of evasion (left hand)
   (You found it on level 1 of the Dungeon)
Scrolls
 f - 3 scrolls of identify {unknown}
 p - a scroll of blinking {unknown}
Potions
 b - a potion of magic

Dungeon Overview and Level Annotations

Branches:
Dungeon (2/15)

Altars:

Annotations:
D:2 Sigmund

#.# ####
#.#
########.#
##
#......).#
#.
#.########
#. #.# #.
#.# #.
#.######.#
#.
#..b.{@r.#
#.
##########
#. #. #.
##


You could see a friendly quokka (summoned) and a friendly bat (summoned,
confused).


Message History

It was a potion of flight.
You feel very buoyant.
You fly up into the air.
Something hits you but does no damage. 😨 HP[+5]
You regained 5 hp, and now have 18/39 hp.
It was a potion of heal wounds.
You feel much better.
Something hits you but does no damage. 😕 HP[+19]
You regained 19 hp, and now have 37/39 hp.
It was a potion of curing.
You feel better.
You feel less invigorated.
Something hits you. 😕 HP[+1] Unknown command.
Casting: Summon Small Mammal (safe; 1% risk of failure)
Confirm with . or Enter, or press ? or * to list all spells.
Something hits you! 😕 HP[-6] MP[-1]
You take 6 damage, and now have 32/39 hp.
You lost 1 mp, and now have 6/7 mp.
Casting: Summon Small Mammal (safe; 1% risk of failure)
Confirm with . or Enter, or press ? or * to list all spells.
Your bat hits something.
Your bat barely misses something.
Something hits you! 😮 HP[-11] MP[-1]
You take 11 damage, and now have 21/39 hp.
MASSIVE DAMAGE!! (PAUSE)
You lost 1 mp, and now have 5/7 mp.
Unknown command.
You hit something.
Your bat closely misses something.
Something hits you but does no damage.
You barely miss something.
Your bat hits something but does no damage.
Something hits you but does no damage.
You completely miss something.
Your bat hits something but does no damage.
Your bat closely misses something.
Something hits you but does no damage.
You barely miss something.
Your bat hits something but does no damage. x3
You hear some strange, mumbled words.
A puff of flame appears from out of thin air!
The puff of flame misses you. The puff of flame hits your bat!
Your bat dies!
Your bat's corpse disappears in a puff of smoke!
Your bat hits something but does no damage.
You puncture something!
Your bat closely misses something.
You hear some strange, mumbled words.
You are confused.
Your bat closely misses something.
Something barely misses you.
Your bat closely misses something.
Unknown command.
You feel better.
Your bat hits something.
Your bat closely misses something.
Something hits you.
Your bat barely misses something. 😮 HP[+1]
You miss something. Something hits you!
* * * LOW HITPOINT WARNING * * *
😨 HP[-6] MP[+1]
You take 6 damage, and now have 16/39 hp.
Unknown command.
Unknown command.
Casting: Summon Small Mammal (safe; 1% risk of failure)
Confirm with . or Enter, or press ? or * to list all spells.
Your bat hits something but does no damage.
Something closely misses your bat. 😨 MP[-1]
You lost 1 mp, and now have 5/7 mp.
Casting: Summon Small Mammal (safe; 1% risk of failure)
Confirm with . or Enter, or press ? or * to list all spells.
Your bat disappears in a puff of smoke!
You hear some strange, mumbled words.
Your quokka appears confused. 😨 MP[-1]
You lost 1 mp, and now have 4/7 mp.
Casting: Summon Small Mammal (safe; 1% risk of failure)
Confirm with . or Enter, or press ? or * to list all spells.
Your quokka disappears in a puff of smoke!
Your bat hits something but does no damage.
Something misses your bat. 😨 MP[-1]
You lost 1 mp, and now have 3/7 mp.
Casting: Summon Small Mammal (safe; 1% risk of failure)
Confirm with . or Enter, or press ? or * to list all spells.
Your quokka disappears in a puff of smoke!
Your bat barely misses something.
You hear some strange, mumbled words.
Your bat appears confused.
Your bat hits itself but does no damage.
Something hits your bat but does no damage. 😨 MP[-1]
You lost 1 mp, and now have 2/7 mp.
You puncture something! Your bat misses something.
Your bat closely misses something.
Something hits you!
* * * LOW HITPOINT WARNING * * *
😱 HP[-8]
You take 8 damage, and now have 8/39 hp.
MASSIVE DAMAGE!! (PAUSE) Unknown command.
You completely miss something.
Your bat barely misses itself.
You hear some strange, mumbled words.
A magic dart appears from out of thin air!
The magic dart hits you!
You die...

Skill      XL: |  1  2  3 |
---------------+----------+-----
Summonings     | 4 5 |  5.5
Dodging        | |  1.7
Stealth        | |  1.4
Spellcasting   | |  2.4

Action                   |  1- 3 |  4- 6 || total
-------------------------+-------+-------++-------
Melee: Club              |    38 |       ||    38
       Short sword       |    56 |    30 ||    86
 Cast: Summon Small Mamm |    31 |    16 ||    47
  Use: Potion            |       |     5 ||     5
 Stab: Sleeping          |     2 |       ||     2
Armor: Robe              |    37 |    14 ||    51
Dodge: Dodged            |    77 |    25 ||   102

Levels and vault maps discovered:
D:1:      dpeg_arrival_chambers_temple_mockup, layout_basic
D:2:      layout_basic, basic_altar, uniq_natasha, uniq_sigmund

Notes
Turn   | Place    | Note
-------+----------+-------------------------------------------
     0 | D:1      | spaghetti the Ogre Summoner began the quest for the Orb.
     0 | D:1      | Reached XP level 1. HP: 16/16 MP: 3/3
     0 | D:1      | magus.rc [v1.9.6]
   280 | D:1      | Reached skill level 4 in Summonings
   280 | D:1      | Reached XP level 2. HP: 24/24 MP: 1/5
   787 | D:1      | Reached XP level 3. HP: 27/31 MP: 3/6
  1720 | D:2      | Noticed Natasha
  1732 | D:2      | Killed Natasha
  1733 | D:2      | Reached skill level 5 in Summonings
  1733 | D:2      | Reached XP level 4. HP: 21/39 MP: 4/7
  1873 | D:2      | Noticed Natasha
  1880 | D:2      | Killed Natasha
  2368 | D:2      | Noticed Sigmund
  2396 | D:2      | HP: 8/39 [something (8)]
  2397 | D:2      | Killed from afar by Sigmund

Vanquished Creatures
  Natasha (D:2)
  An adder (D:2)
  A worm (D:2)
  2 dart slugs
  2 endoplasms (D:1)
  A giant cockroach (D:2)
  4 goblins
  3 hobgoblins (D:1)
  A quokka (D:1)
  3 ball pythons
  3 bats
  A frilled lizard (D:1)
  3 kobolds
  3 rats (D:1)
29 creatures vanquished.

Vanquished Creatures (collateral kills)
  Natasha (D:2)
  A ball python (D:1)
  2 endoplasms (D:1)
  A goblin (D:1)
  2 quokkas (D:1)
  2 bats (D:1)
  2 kobolds
  2 rats (D:1)
13 creatures vanquished.

Grand Total: 42 creatures vanquished

Table legend:
 A = Non-vault XP
 B = Vault XP
 C = Vault XP percentage of total XP
 D = Non-vault monster count
 E = Vault monster count
 F = Vault count percentage of total count
                 A         B        C        D         E       F
            +---------+---------+-------+---------+---------+-------
      Total |     116 |      35 |  23.2 |      41 |       1 |   2.4
            +---------+---------+-------+---------+---------+-------
        D:1 |      48 |       0 |   0.0 |      29 |       0 |   0.0
        D:2 |      68 |      35 |  34.0 |      12 |       1 |   7.7
            +---------+---------+-------+---------+---------+-------

Illustrated notes

Table legend:
 A = Kills in this place as a percentage of kills in entire the game.
 B = Kills by you in this place as a percentage of kills by you in the entire game.
 C = Kills by friends in this place as a percentage of kills by friends in the entire game.
 D = Other kills in this place as a percentage of other kills in the entire game.
 E = Experience gained in this place as a percentage of experience gained in the entire game.
 F = Experience gained in this place divided by the number of levels of this place that you have seen.
                   A       B       C       D       E      F
               +-------+-------+-------+-------+-------+----------------------
         Total | 100.0 | 100.0 | 100.0 |   N/A | 100.0 |  75.5
       Dungeon | 100.0 | 100.0 | 100.0 |   N/A | 100.0 |  75.5
               +-------+-------+-------+-------+-------+----------------------

Table legend: (Time is in decaauts)
 A = Elapsed time spent in this place.
 B = Non-inter-level travel time spent in this place.
 C = Inter-level travel time spent in this place.
 D = Time resting spent in this place.
 E = Time spent auto-exploring this place.
 F = Levels seen in this place.
 G = Mean time per level.
                   A        B        C        D        E       F      G
               +--------+--------+--------+--------+--------+-----+--------+
         Total |   2415 |   2389 |     26 |     19 |   1943 |   2 | 1207.5 |
       Dungeon |   2415 |   2389 |     26 |     19 |   1943 |   2 | 1207.5 |
               +--------+--------+--------+--------+--------+-----+--------+

Top non-repeatable levels by time:
     D:1: 1459 daAuts
     D:2: 955 daAuts
